 Dungeon Crawl Stone Soup version 0.26-a0-597-gb535b0901c (webtiles) character file.

Game seed: 2118178527642392531

17797 Lanoc the Gelid (level 12, -1/74 HPs)
             Began as a Barachi Ice Elementalist on Sept 13, 2020.
             Was a Priest of Sif Muna.
             Shot with an arrow by a centaur (9 damage)
             ... on level 11 of the Dungeon.
             The game lasted 00:27:48 (11557 turns).

Lanoc the Gelid (Barachi Ice Elementalist)         Turns: 11557, Time: 00:27:49

Health: -1/74      AC:  8    Str: 11    XL:     12   Next: 51%
Magic:  15/15      EV: 20    Int: 19    God:    Sif Muna [***...]
Gold:   815        SH:  0    Dex: 13    Spells: 5/15 levels left

rFire    x . .     SeeInvis .   b - +11 hand axe "Ylilas" {drain, +Blink}
rCold    + . .     Faith    .   (no shield)
rNeg     . . .     Spirit   .   u - +2 robe {MR+}
rPois    .         Reflect  .   (no helmet)
rElec    .         Harm     .   (no cloak)
rCorr    .                      (no gloves)
MR       +....                  (no boots)
Stlth    ++........             (no amulet)
HPRegen  0.22/turn              e - ring of ice
MPRegen  0.14/turn              D - +4 ring of protection

@: slow
A: +LOS, swims, slowness 1, strong legs 1
a: Hop, Channel Magic, Forget Spell, Renounce Religion, Evoke Blink


You were on level 11 of the Dungeon.
You worshipped Sif Muna.
Sif Muna was most pleased with you.
You visited 2 branches of the dungeon, and saw 12 of its levels.
You also visited: Ossuary and Bailey.

You collected 815 gold pieces.

Inventory:

Hand Weapons
 b - the +11 hand axe "Ylilas" (weapon) {drain, +Blink}
   (You found it on level 7 of the Dungeon)

   A truly terrible weapon, it drains the life of those it strikes.
   It lets you blink.
Missiles
 E - 7 curare-tipped darts (quivered)
Armour
 u - a +2 robe of magic resistance (worn)
Magical Staves
 a - an uncursed staff of cold
Jewellery
 e - a ring of ice (left hand)
 k - an uncursed ring of fire
 A - an uncursed ring of see invisible
 D - a +4 ring of protection (right hand)
 F - an uncursed ring of resist corrosion
Wands
 m - a wand of polymorph (20)
 p - a wand of digging (8)
 q - a wand of paralysis (7)
 B - a wand of disintegration (27)
Scrolls
 d - 2 scrolls of fear
 g - 4 scrolls of enchant weapon
 i - 3 scrolls of remove curse
 o - a scroll of summoning
 s - 5 scrolls of teleportation
 w - a scroll of enchant armour
 z - a scroll of magic mapping
 C - a scroll of blinking
 H - a scroll of identify
Potions
 c - a potion of resistance
 f - a potion of brilliance
 h - 4 potions of magic
 j - 2 potions of mutation
 l - 2 potions of curing
 n - 4 potions of might
 r - a potion of invisibility
 t - a potion of ambrosia
 v - a potion of heal wounds
 x - a potion of haste
 G - a potion of lignification
Miscellaneous
 y - a phial of floods


   Skills:
 + Level 12.8 Dodging
 - Level 1.7 Stealth
 - Level 2.1 Spellcasting
 * Level 18.7 Ice Magic


You had 5 spell levels left.
You knew the following spells:

 Your Spells              Type           Power        Failure   Level
a - Hailstorm             Conj/Ice       ######..     3%          4
b - Frozen Ramparts       Ice            ######       1%          3
c - Ozocubu's Armour      Ice            #######.     1%          3

Your spell library contained the following spells:

 Spells                   Type           Power        Failure   Level
 Freeze                   Ice            ####         0%          1
 Summon Ice Beast         Ice/Summ       ######..     3%          4
 Metabolic Englaciation   Hex/Ice        ######....   10%         5
 Animate Skeleton         Necr           #.....       17%         1
 Apportation              Tloc           #.....       17%         1
 Corona                   Hex            #......      17%         1
 Summon Small Mammal      Summ           #...         17%         1
 Confusing Touch          Hex            #.......     45%         3
 Gell's Gravitas          Tloc           #.........   45%         3
 Petrify                  Tmut/Erth      #.......     86%         4
 Yara's Violent Unravell  Hex/Tmut       #.........   99%         5


Dungeon Overview and Level Annotations

Branches:
Dungeon (11/15)            Temple (1/1) D:7             Orc (0/2) D:9
Ossuary (visited)          Bailey (visited)
   Lair: D:8-11

Altars:
Ashenzari
Cheibriados
Dithmenos
Elyvilon
Fedhas
Gozag
Hepliaklqana
Kikubaaqudgha
Makhleb
Nemelex Xobeh
Okawaru
Qazlal
Ru
Sif Muna
Trog
Uskayaw
Vehumet
Wu Jian
Xom
Yredelemnul
Zin
The Shining One

Shops:
D:10 *   D:11 *

Portals:
Abyss: D:3

Annotations:
D:3 1 transporter, Lanoc's ghost, weakling FoSu


Innate Abilities, Weirdness & Mutations

You can be seen from farther away. (+LOS)
You can swim through water.
You cover ground slowly.
You can hop short distances.


Message History

The centaur shoots an arrow.
The arrow misses you.
You see here 3 arrows.
The centaur shoots an arrow.
The arrow barely misses you.
The centaur shoots an arrow.
The arrow hits you.
You see here an arrow.
The centaur shoots an arrow.
The arrow hits you!
The centaur shoots an arrow.
The arrow hits you but does no damage.
The centaur shoots an arrow.
The arrow completely misses you.
The centaur shoots an arrow.
The arrow hits you!
You see here 3 arrows.
The centaur shoots an arrow.
The arrow hits you!
* * * LOW HITPOINT WARNING * * *
There is a stone staircase leading up here.
You see here an arrow.
The centaur shoots an arrow.
The arrow hits you.
* * * LOW HITPOINT WARNING * * *
The centaur shoots an arrow.
The arrow hits you.
* * * LOW HITPOINT WARNING * * *
The centaur shoots an arrow.
The arrow hits you!
You die...

. .♣
##########################...
..................c..c.....♣
.#.............c(c........
#....).......(((c..cc...♣
#.....##@((.(#######...c.
#.....##.....# ....
#.....##.....# .
#....>.......#
................
##################


You could see 4 centaurs.

Vanquished Creatures
  An orc warlord (Bailey)
  3 two-headed ogres
  An unseen horror (D:10)
  An orc knight (Bailey)
  A gargoyle (D:10)
  2 trolls
  2 polar bears (D:9)
  Prince Ribbit (D:6)
  2 hippogriffs (D:8)
  Sigmund (D:6)
  A shadow (D:7)
  Eustachio (D:6)
  7 yaks
  Menkaure (D:6)
  5 ice beasts
  7 ogres
  12 orc warriors
  A black bear (D:10)
  2 sky beasts
  2 phantoms (D:10)
  3 centaurs
  A crocodile (D:10)
  A big kobold (D:9)
  Blork the orc (D:5)
  4 bullfrogs
  3 gnoll sergeants (D:9)
  An elf zombie (Ossuary)
  A hornet simulacrum (D:9)
  A scorpion (D:5)
  6 howler monkeys
  A wight (D:6)
  3 bullfrog zombies
  2 jellies (D:8)
  A quasit (D:5)
  Crazy Yiuf (D:3)
  A human zombie (Ossuary)
  2 bullfrog skeletons
  6 hounds
  4 orc priests
  13 orc wizards
  3 iguanas
  Terence (D:3)
  7 worker ants
  2 killer bee zombies (D:6)
  3 big kobold zombies (Ossuary)
  2 hound zombies
  3 hound skeletons
  4 mummies (Ossuary)
  A howler monkey zombie (D:5)
  2 worker ant zombies
  4 gnolls (D:9)
  12 adders
  2 shadow imps
  A howler monkey simulacrum (D:9)
  9 white imps
  5 ufetubi
  2 oozes
  2 adder zombies
  An adder skeleton (D:4)
  3 worms
  2 dart slugs (D:3)
  6 leopard geckos
  58 orcs
  5 giant cockroaches
  A gnoll zombie (Ossuary)
  3 goblins
  9 hobgoblins
  7 jackals
  3 quokkas
  A ball python (D:1)
  8 bats
  3 frilled lizards
  A hobgoblin zombie (Ossuary)
  2 jackal skeletons
  A jackal zombie (Ossuary)
  17 kobolds
  2 quokka skeletons (D:6)
  A quokka zombie (D:8)
  5 rats
  2 rat zombies (Ossuary)
316 creatures vanquished.

Notes
Turn   | Place    | Note
-------+----------+-------------------------------------------
     0 | D:1      | Lanoc the Barachi Ice Elementalist began the quest for the
                  | Orb.
     0 | D:1      | Reached XP level 1. HP: 13/13 MP: 3/3
   170 | D:1      | Reached skill level 5 in Ice Magic
   406 | D:2      | Reached XP level 2. HP: 19/19 MP: 3/5
   574 | D:2      | Reached XP level 3. HP: 24/24 MP: 4/6
   579 | D:2      | Learned a level 3 spell: Frozen Ramparts
   715 | D:3      | Reached skill level 6 in Ice Magic
   722 | D:3      | Reached XP level 4. HP: 30/30 MP: 1/7
   789 | D:3      | Found a runed translucent door.
   791 | D:3      | Noticed Crazy Yiuf
   800 | D:3      | Killed Crazy Yiuf
  1110 | D:3      | Noticed a big kobold
  1118 | D:3      | Found a one-way gate to the infinite horrors of the Abyss.
  1121 | D:3      | Found a transporter.
  1124 | D:3      | Noticed Lanoc's ghost (weakling FoSu)
  1307 | D:3      | Reached XP level 5. HP: 35/35 MP: 4/8
  1695 | D:3      | Found a burning altar of Makhleb.
  1697 | D:3      | Found a shattered altar of Ashenzari.
  1703 | D:3      | Noticed Terence
  1720 | D:3      | Killed Terence
  1720 | D:3      | Reached skill level 7 in Ice Magic
  1982 | D:3      | You fall into a shaft and drop 1 floor!
  2053 | D:4      | Reached XP level 6. HP: 34/41 MP: 6/9
  2154 | D:4      | Reached skill level 8 in Ice Magic
  2166 | D:4      | Reached XP level 7. HP: 34/46 MP: 3/10
  2533 | D:4      | Reached skill level 5 in Dodging
  2540 | D:4      | Learned a level 3 spell: Ozocubu's Armour
  2684 | D:5      | Entered Level 5 of the Dungeon
  2876 | D:5      | Noticed Blork the orc
  2884 | D:5      | Reached skill level 9 in Ice Magic
  2895 | D:5      | Killed Blork the orc
  3205 | D:5      | Found a white marble altar of Elyvilon.
  3596 | D:5      | Found an iron altar of Okawaru.
  3869 | D:6      | Reached XP level 8. HP: 17/52 MP: 11/11
  3875 | D:6      | Noticed Eustachio
  3883 | D:6      | Killed Eustachio
  3883 | D:6      | Reached skill level 10 in Ice Magic
  4003 | D:6      | Reached skill level 11 in Ice Magic
  4393 | D:6      | Found a sand-covered staircase.
  4402 | D:6      | Reached XP level 9. HP: 51/57 MP: 12/12
  4405 | Ossuary  | Entered an ossuary
  4411 | Ossuary  | Learned a level 4 spell: Hailstorm
  4629 | Ossuary  | Reached skill level 12 in Ice Magic
  4976 | D:6      | Noticed Menkaure
  4986 | D:6      | Killed Menkaure
  5145 | D:6      | Found a sacrificial altar of Ru.
  5186 | D:6      | Noticed Prince Ribbit
  5191 | D:6      | Killed Prince Ribbit
  5268 | D:6      | Noticed Sigmund
  5279 | D:6      | Killed Sigmund
  5549 | D:7      | Found a flagged portal.
  5559 | Bailey   | Entered a bailey
  5563 | Bailey   | Noticed an orc warlord
  5644 | Bailey   | Reached skill level 13 in Ice Magic
  5673 | Bailey   | Found a runed translucent gate.
  5673 | Bailey   | Found a runed translucent gate.
  5673 | Bailey   | Found a runed translucent gate.
  5729 | Bailey   | Noticed an orc knight
  5749 | Bailey   | Killed an orc knight
  5749 | Bailey   | Reached XP level 10. HP: 18/63 MP: 8/13
  6228 | Bailey   | Killed an orc warlord
  6228 | Bailey   | Reached skill level 14 in Ice Magic
  6274 | D:7      | Identified a scroll of acquirement
  6274 | D:7      | Acquired an uncursed staff of cold
  6298 | D:7      | Reached skill level 16 in Ice Magic
  6298 | D:7      | Reached XP level 11. HP: 68/68 MP: 14/14
  6403 | D:7      | Got a bloodstained hand axe
  6403 | D:7      | Identified the +11 hand axe "Ylilas" {drain, +Blink} (You
                  | found it on level 7 of the Dungeon)
  6520 | D:7      | Identified the +10 whip of Ofubax {vorpal, +Rage rC-
                  | Stlth+}
  6676 | D:7      | Found a hazy altar of Hepliaklqana.
  6958 | D:7      | Found a staircase to the Ecumenical Temple.
  7057 | Temple   | Entered the Ecumenical Temple
  7219 | Temple   | Became a worshipper of Sif Muna the Loreminder
  7555 | D:8      | Reached skill level 17 in Ice Magic
  8084 | D:8      | Noticed a two-headed ogre
  8122 | D:8      | Killed a two-headed ogre
  8548 | D:8      | Found a glowing silver altar of Zin.
  8585 | D:9      | Reached * piety under Sif Muna
  9239 | D:9      | Reached ** piety under Sif Muna
  9401 | D:9      | Reached XP level 12. HP: 66/74 MP: 11/15
  9475 | D:9      | Found a staircase to the Orcish Mines.
  9762 | D:9      | Noticed a two-headed ogre
  9784 | D:9      | Killed a two-headed ogre
  9784 | D:9      | Reached skill level 18 in Ice Magic
 10179 | D:10     | Entered Level 10 of the Dungeon
 10623 | D:10     | Found Wiqi's General Store.
 10670 | D:10     | Reached *** piety under Sif Muna
 11278 | D:11     | Noticed a two-headed ogre
 11292 | D:11     | Killed a two-headed ogre
 11547 | D:11     | Found Zuxiaq's General Store.
 11557 | D:11     | Shot with an arrow by a centaur

Illustrated notes

Levels and vault maps discovered:
D:1:      nicolae_arrival_somewhat_less_tricky_arrival, layout_basic
D:2:      layout_basic, st_stairs_5, tso_metal_star
D:3:      layout_loops_ring, chequers_temple_overflow_statue_of_worship,
          gammafunk_ghost_abyssal_escape, uniq_terence, uniq_crazy_yiuf_cottage
D:4:      layout_basic
D:5:      layout_gridville, elyvilon_altar_1, okawaru_trees_2, st_stairs_7,
          sigmund_army, uniq_blork_the_orc
D:6:      minmay_polygon_palace, layout_basic, basic_altar, enter_ossuary_2,
          st_stairs_4, uniq_sigmund, uniq_menkaure, uniq_eustachio,
          uniq_prince_ribbit1
D:7:      layout_cave_pools, kennysheep_mini, minmay_temple_entry_glassed_door,
          enter_bailey_1
D:8:      layout_basic, zin_statuary, chequers_serial_rivers_large_b
D:9:      lemuel_flame_loot_2, layout_basic,
          kennysheep_orc_monster_closet_entryway, serial_ice, serial_ice_n,
          serial_ice_b, serial_ice_d, serial_ice_f, serial_ice_l, serial_ice_a,
          serial_ice_h, serial_ice_g
D:10:     layout_roguey, serial_shops, nicolae_shop_waterfront
D:11:     layout_stronghold, lair_entry_dummy, minmay_shop_grid_forest,
          uniq_maurice
Temple:   eino_temple_rhombus

Skill      XL: |  1  2  3  4  5  6  7  8  9 10 11 12 |
---------------+-------------------------------------+-----
Ice Magic      | 5 6 7 8 9 11 13 16 17 18 | 18.7
Dodging        | 3 4 5 7 9 11 12 | 12.8
Stealth        | |  1.7
Spellcasting   | |  2.1

Action                   |  1- 3 |  4- 6 |  7- 9 | 10-12 || total
-------------------------+-------+-------+-------+-------++-------
Melee: Unarmed           |    18 |       |       |       ||    18
       Quarterstaff      |       |    36 |   100 |     2 ||   138
       Staff             |       |       |       |    17 ||    17
       Hand axe          |       |       |       |   214 ||   214
 Cast: Freeze            |    27 |       |       |       ||    27
       Frozen Ramparts   |     1 |    16 |    50 |    72 ||   139
 Abil: Hop               |       |       |     1 |     1 ||     2
  Use: Scroll            |       |       |    18 |     6 ||    24
       Potion            |       |       |     6 |     1 ||     7
 Stab: Sleeping          |       |     1 |       |     1 ||     2
       Paralysed         |       |       |     4 |       ||     4
Armor: Robe              |     6 |    10 |    27 |    67 ||   110
Dodge: Dodged            |    42 |    43 |   212 |   274 ||   571

Table legend: (Time is in decaauts)
 A = Elapsed time spent in this place.
 B = Non-inter-level travel time spent in this place.
 C = Inter-level travel time spent in this place.
 D = Time resting spent in this place.
 E = Time spent auto-exploring this place.
 F = Levels seen in this place.
 G = Mean time per level.
                   A        B        C        D        E       F      G
               +--------+--------+--------+--------+--------+-----+--------+
         Total |  12747 |  12529 |    218 |    635 |   9002 |  14 |  910.5 |
       Dungeon |  11202 |  10995 |    207 |    396 |   8479 |  11 | 1018.4 |
        Temple |    206 |    196 |     10 |      0 |    171 |   1 |  206.0 |
       Ossuary |    540 |    540 |      0 |      0 |    229 |   1 |  540.0 |
        Bailey |    797 |    797 |      0 |    239 |    122 |   1 |  797.0 |
               +--------+--------+--------+--------+--------+-----+--------+

Top non-repeatable levels by time:
     D:9: 1767 daAuts
     D:8: 1481 daAuts
     D:3: 1379 daAuts
     D:6: 1314 daAuts
     D:5: 1286 daAuts
    D:10: 1198 daAuts
     D:7: 923 daAuts
     D:4: 797 daAuts
  Bailey: 797 daAuts
 Ossuary: 540 daAuts
     D:1: 412 daAuts
     D:2: 355 daAuts
    D:11: 286 daAuts
  Temple: 206 daAuts
